 Dungeon Crawl Stone Soup version 0.28.0-49-g6dfe1f597d (webtiles) character file.

Game seed: 9248237092862433022

8 Exodus22XD the Covered (level 2, 20/27 HPs)
             Began as a Deep Dwarf Fighter on May 14, 2022.
             Was a Follower of Zin.
             Quit the game on level 1 of the Dungeon.
             The game lasted 00:00:16 (388 turns).

Exodus22XD the Covered (Deep Dwarf Fighter)          Turns: 388, Time: 00:00:17

Health: 20/27      AC:  6    Str: 19    XL:     2   Next: 0%
Magic:  2/2        EV:  9    Int:  8    God:    Zin [*.....]
Gold:   19         SH:  4    Dex: 12    Spells: 1/1 levels left

rFire   . . .      SeeInvis .   a - +0 war axe
rCold   . . .      Faith    .   c - +0 buckler
rNeg    . . .      Spirit   .   b - +0 scale mail
rPois   .          Reflect  .   (no helmet)
rElec   .          Harm     .   (no cloak)
rCorr   .          Rampage  .   (no gloves)
Will    .....                   (no boots)
Stlth   ..........              (no amulet)
HPRegen 0.00/turn               (no ring)
MPRegen 0.08/turn               (no ring)

@: no status effects
A: damage resistance, heal wounds, sense surroundings 1, no regeneration
a: Heal Wounds, Renounce Religion, Recite, Donate Gold


You were on level 1 of the Dungeon.
You worshipped Zin.
Zin was aware of your devotion.
You visited 1 branch of the dungeon, and saw 1 of its levels.

You collected 21 gold pieces.
You donated 2 gold pieces to Zin.

Inventory:

Hand Weapons
 a - a +0 war axe (weapon)
Armour
 b - a +0 scale mail (worn)
 c - a +0 buckler (worn)
Scrolls
 e - a scroll of teleportation {unknown}
Potions
 d - a potion of might


   Skills:
 + Level 2.9 Fighting
 + Level 2.2 Axes
 + Level 3.5 Armour
 + Level 3.4 Shields


You had one spell level left.
You didn't know any spells.
Your spell library was empty.

Dungeon Overview and Level Annotations

Branches:
Dungeon (1/15)

Altars:
Zin


Innate Abilities, Weirdness & Mutations

You are resistant to damage.
You can heal yourself by infusing magical energy.
You passively map a small area around you.
You do not regenerate.


Message History

No target in view!
You see here 12 stones.
There is an open door here.
You see here a hobgoblin corpse.
Key pressed, stopping explore.
No target in view!
A ball python comes into view.
The ball python hisses angrily.
The ball python moves out of view.
No target in view!
Found 9 gold pieces.
You slash the ball python!
You kill the ball python!
You have reached level 2!
No target in view!
No target in view!
You see here a ball python corpse.
You now have 21 gold pieces (gained 9).
Found a dagger.
Found a faded altar of an unknown god.
No target in view!
e - a scroll labelled DOUS BUASCH No target in view!
Found a dagger.
No target in view!
As you open the door, it creaks loudly!
You hear an angry hiss.
Found a mace.
Search for what [? for help]? god
There is an open door here.
You open the door.
There is an open door here.
There is a faded altar of an unknown god here.
You see here a +0 dagger.
You cannot tell which god this altar belongs to.
Convert to them anyway?
Zin accepts your prayer! Zin welcomes you!
You pay a tithe of 2 gold.
You can now donate money to Zin.
You can now recite Zin's Axioms of Law.
Unknown command.
Press < or > to pray at altars.
Are you sure you want to abandon this character and quit the game? (Confirm with "yes".)

* ... * * ... , *#.#
* #.# #.# #.#
#######
########.#####.....#
...................#
########.###....@..#
# ##...##.#.....# #
#.....#.......# #
##...######...#
##.## ###...#####
#.# #.........# #
#.# #.#.......# #
##+# #.#.#.###.# #
##...## #.#.#.###.#


There were no monsters in sight!

Vanquished Creatures
  A ball python (D:1)
  An endoplasm (D:1)
  A goblin (D:1)
  A hobgoblin (D:1)
  A quokka (D:1)
  A frilled lizard (D:1)
  A rat (D:1)
7 creatures vanquished.

Notes
Turn   | Place    | Note
-------+----------+-------------------------------------------
     0 | D:1      | Exodus22XD the Deep Dwarf Fighter began the quest for the
                  | Orb.
     0 | D:1      | Reached XP level 1. HP: 20/20 MP: 1/1
   265 | D:1      | Reached XP level 2. HP: 20/27 MP: 2/2
   320 | D:1      | Found a faded altar of an unknown god.
   387 | D:1      | Prayed at the altar of an unknown god.
   387 | D:1      | Became a worshipper of Zin the Law-Giver
   387 | D:1      | Reached * piety under Zin
   388 | D:1      | Quit the game

Illustrated notes

Levels and vault maps discovered:
D:1:      saegor_arrival_simple_d, layout_loops_corners,
          ebering_ecumenical_altar_sacrificial, minmay_cut_off

Action                   || total
-------------------------++-------
Melee: War axe           ||    13
Armor: Scale mail        ||     4
Block: Buckler           ||     2
